 Dungeon Crawl Stone Soup version 0.17.0-23-g0de4337 (webtiles) character file.

479 HungrySpirit the Chopper (level 7, -2/52 HPs)
             Began as a Human Chaos Knight on Nov 13, 2015.
             Slain by an orc
             ... wielding a +0 whip
              (3 damage)
             ... on level 4 of the Dungeon.
             The game lasted 00:07:36 (5288 turns).

HungrySpirit the Chopper (Human Chaos Knight)       Turns: 5288, Time: 00:07:36

Health: -2/52      AC:  6    Str: 14    XL:     7   Next: 33%
Magic:  0/7        EV: 11    Int: 13    God:    Xom [...*..]
Gold:   171        SH:  5    Dex: 15    Spells: 0 memorised, 6 levels left

rFire  . . .     SeeInvis .     m - +0 hand axe
rCold  + + .     Clarity  .     D - +2 leather armour {rC+}
rNeg   . . .     SustAt   .     d - +0 buckler (curse)
rPois  .         Gourm    .     h - +0 helmet
rElec  .         Spirit   +     (no cloak)
rCorr  .         Warding  .     (no gloves)
rMut   .         Stasis   .     (no boots)
MR     .....                    l - amulet of guardian spirit
Stlth  +.........               u - +3 ring of dexterity
                                o - ring of protection from cold (curse)

@: not resistant to hostile enchantments, very unstealthy
A: no striking features
a: Renounce Religion


You were on level 4 of the Dungeon.
You worshipped Xom.
You were a favourite toy of Xom.
You were not hungry.

You visited 1 branch of the dungeon, and saw 4 of its levels.

You collected 171 gold pieces.

Inventory:

Hand Weapons
 a - a +0 hand axe of chaos
 m - a +0 hand axe (weapon)
Armour
 d - a cursed +0 buckler (worn)
 h - a +0 helmet (worn)
 k - a +0 plate armour
 D - a +2 leather armour of cold resistance (worn)
Jewellery
 l - an amulet of guardian spirit (around neck)
 n - a +3 ring of intelligence
 o - a cursed ring of protection from cold (left hand)
 u - a +3 ring of dexterity (right hand)
 x - an uncursed ring of fire
 E - an uncursed ring of sustain attributes {unknown}
Wands
 w - a wand of magic darts (19)
Scrolls
 b - a scroll of fog {unknown}
 e - 4 scrolls of remove curse {unknown}
 g - 2 scrolls of blinking {unknown}
 i - 7 scrolls of teleportation {unknown}
 j - a scroll of random uselessness {unknown}
 r - 2 scrolls of immolation {unknown}
 s - 2 scrolls of enchant weapon {unknown}
 y - 4 scrolls of identify {unknown}
 B - a scroll of magic mapping {unknown}
 H - a scroll of noise {unknown}
Potions
 f - a potion of mutation {unknown}
 p - a potion of lignification {unknown}
 q - a potion of heal wounds {unknown}
 t - a potion of ambrosia {unknown}
 v - a potion of curing {unknown}
 z - a potion of poison {unknown}
 C - a potion of cure mutation {unknown}
 F - a potion of might {unknown}
Miscellaneous
 A - a plain deck of escape {drawn: 3}
Comestibles
 c - 4 bread rations
 G - a royal jelly
 I - a chunk of flesh


   Skills:
 - Level 3.4 Fighting
 * Level 5.9 Axes
 + Level 2.1 Armour
 - Level 1.0 Dodging
 * Level 4.5 Shields


You had 6 spell levels left.
You didn't know any spells.

Dungeon Overview and Level Annotations

Branches:
Dungeon (4/15)
 Temple: D:4-7

Altars:
Fedhas
Makhleb
Nemelex Xobeh
Okawaru
Qazlal
Ru
Vehumet


Message History

You block the orc's attack.
The ogre hits you with a giant spiked club!
Unknown command.
You hit the orc but do no damage.
The orc is almost dead.
You hit the ogre.
The ogre is moderately wounded.
The orc closely misses you.
Unknown command.
Your leather armour prevents you from hitting the orc.
The orc is severely wounded.
You hit the ogre.
The ogre is moderately wounded.
Xom decides to rearrange the pieces.
You swap places with the ogre.
The ogre looks rather confused.
The ogre hits you with a giant spiked club!!
* * * LOW HITPOINT WARNING * * *
The orc closely misses you.
The ogre closely misses the orc.
The orc hits you with a whip.
You die...

.# #..<#...# ######. .#
#...#...# #...#. .#
#...#...## #...#. .#+##
#...#....# ###'##. .....
#...#....# #.....# .....
∆ #...#...## #.....#
.....
#'###O..#...###+#.....#
.....
#...))o.#.......#.....#
###+#
#<....@.##..##..#.....#
..'.......##..##..#.....#
..#.......#...##..#.....#
. #)......#...##..#.....#
#..##...'.......#.....#
#..#######..##..'.....#
#..##...######..#.....#
#.....÷.........#.....#
#..##.......##'##.....#


You could see an ogre (confused) and an orc.

Vanquished Creatures
  Eustachio (D:4)
  Crazy Yiuf (D:2)
  A worker ant (D:4)
  A giant frog skeleton (D:3)
  An iguana (D:4)
  2 hounds (D:4)
  Robin (D:3)
  7 adders
  5 worms
  6 orcs
  6 bats
  6 giant cockroaches
  14 goblins
  11 hobgoblins
  11 jackals
  4 kobolds
  3 ball pythons
  8 giant newts
  3 quokkas
  A quokka skeleton (D:4)
  8 rats
101 creatures vanquished.

Notes
Turn   | Place    | Note
--------------------------------------------------------------
     0 | D:1      | HungrySpirit the Human Chaos Knight began the quest for the Orb.
     0 | D:1      | Reached XP level 1. HP: 18/18 MP: 1/1
    84 | D:1      | Reached XP level 2. HP: 22/24 MP: 2/2
    88 | D:1      | XOM: harmless Hex miscast
   436 | D:1      | XOM: harmless Divn miscast
   477 | D:1      | Reached XP level 3. HP: 29/29 MP: 3/3
   520 | D:1      | XOM: cast spell 'Summon Butterflies'
   886 | D:2      | Reached skill level 1 in Shields
  1150 | D:2      | XOM: harmless Trmt miscast
  1366 | D:2      | Found a stormy altar of Qazlal.
  1420 | D:2      | Reached XP level 4. HP: 22/35 MP: 2/4
  1427 | D:2      | Reached skill level 4 in Axes
  1528 | D:2      | XOM: harmless Tloc miscast
  1535 | D:2      | XOM: silly message
  1995 | D:2      | Found a sacrificial altar of Ru.
  2076 | D:2      | XOM: cast spell 'Beastly Appendage'
  2118 | D:2      | Noticed Crazy Yiuf
  2154 | D:2      | XOM: mild Hex miscast
  2252 | D:1      | XOM: silly message
  2405 | D:2      | Killed Crazy Yiuf
  2405 | D:2      | Reached XP level 5. HP: 15/41 MP: 2/5
  2617 | D:2      | XOM: harmless Chrm miscast
  2669 | D:2      | XOM: harmless Summ miscast
  2762 | D:3      | Noticed Robin
  2815 | D:3      | Killed Robin
  3140 | D:3      | Found a burning altar of Makhleb.
  3142 | D:3      | Found a blossoming altar of Fedhas.
  3147 | D:3      | XOM: silly message
  3156 | D:3      | Found an iron altar of Okawaru.
  3210 | D:3      | XOM is BORED!
  3210 | D:3      | XOM: noise
  3295 | D:3      | Found a radiant altar of Vehumet.
  3305 | D:3      | Reached XP level 6. HP: 20/47 MP: 3/6
  3437 | D:3      | XOM: mild Fire miscast
  3863 | D:4      | Reached skill level 5 in Axes
  3878 | D:4      | Found a sparkling altar of Nemelex Xobeh.
  4204 | D:4      | Noticed Eustachio
  4211 | D:4      | XOM: potion effect (magic)
  4219 | D:4      | XOM: divination: detect items
  4222 | D:4      | XOM: potion effect (haste)
  4288 | D:4      | Killed Eustachio
  4288 | D:4      | Reached XP level 7. HP: 11/52 MP: 4/7
  4288 | D:4      | XOM: confuse monster(s)
  4396 | D:4      | XOM: mild Necr miscast
  5189 | D:4      | XOM: scenery: 1 doors close
  5287 | D:4      | XOM: swap monsters
  5287 | D:4      | HP: 1/52 [ogre/giant spiked club (22)]
  5288 | D:4      | Slain by an orc

Action                   |  1- 3 |  4- 6 |  7- 9 || total
-------------------------+-------+-------+-------++-------
Melee: Hand axe          |   112 |   272 |    87 ||   471
Evoke: Deck              |       |     3 |       ||     3
 Stab: Sleeping          |     1 |       |       ||     1
  Eat: Chunk             |       |    12 |     3 ||    15
